 Dungeon Crawl Stone Soup version 0.31.0-11-ge490571c62 (webtiles) character file.

Game seed: 15138769937550661240

5891 hawla the Fanfare of Bloodshed (level 10, -2/88 HPs)
             Began as a Minotaur Fighter on Feb 5, 2024.
             Was a Believer of Makhleb.
             Slain by a harpy zombie (8 damage)
             ... on level 9 of the Dungeon.
             The game lasted 00:19:49 (8160 turns).

hawla the Fanfare of Bloodshed (Minotaur Fighter)   Turns: 8160, Time: 00:19:50

Health: -2/88      AC: 13    Str: 24    XL:     10   Next: 53%
Magic:  15/15      EV: 12    Int:  5    God:    Makhleb [**....]
Gold:   217        SH:  5    Dex: 11    Spells: 9/9 levels left

rFire   . . .        a - +0 war axe (freeze)
rCold   + . .        c - +0 buckler
rNeg    . . .        z - +2 scale mail {rC+}
rPois   .            (helmet restricted)
rElec   .            k - +0 cloak
rCorr   .            (no gloves)
SInv    .            u - +2 pair of boots {Stlth+}
Will    .....        (no amulet)
Stlth   +            (no ring)
HPRegen 0.34/turn    (no ring)
MPRegen 0.14/turn

%: no passive effects
@: hasted, very quick
A: horns 2, retaliatory headbutt
a: Renounce Religion, Minor Destruction


You were on level 9 of the Dungeon.
You worshipped Makhleb.
Makhleb was pleased with you.
You visited 1 branch of the dungeon, and saw 9 of its levels.

You collected 638 gold pieces.
You spent 421 gold pieces at shops.

Inventory:

Hand Weapons
 a - a +0 war axe of freezing (weapon)
 x - a +3 battleaxe
 y - the +2 flail "Meabutt" {heavy, rElec rPois Str+3}
   (You found it on level 5 of the Dungeon)

   Str+3:     It affects your strength (+3).
   rElec:     It insulates you from electricity.
   rPois:     It protects you from poison
Missiles
 m - 5 curare-tipped darts
 o - 23 poisoned darts (quivered)
Armour
 c - a +0 buckler (worn)
 k - a +0 cloak (worn)
 u - a +2 pair of boots of stealth (worn)
 v - a +0 plate armour
 z - a +2 scale mail of cold resistance (worn)
Jewellery
 A - an amulet of reflection
Wands
 b - a wand of quicksilver (2)
 n - a wand of digging (3)
 r - a wand of iceblast (11)
 C - a wand of paralysis (3)
Scrolls
 h - 3 scrolls of teleportation
 i - 2 scrolls of immolation
 j - a scroll of brand weapon
 w - a scroll of enchant armour
 D - a scroll of identify
Potions
 d - 4 potions of might
 e - 2 potions of curing
 f - a potion of lignification
 g - 4 potions of brilliance
 l - 3 potions of ambrosia
 q - a potion of haste
 s - a potion of attraction
 t - a potion of cancellation
 B - 2 potions of enlightenment


   Skills:
 - Level 8.0 Fighting
 - Level 3.1 Axes
 - Level 6.0 Throwing
 - Level 4.1 Armour
 - Level 8.0 Dodging
 - Level 5.0 Shields
 + Level 9.0 Invocations
 - Level 5.0 Evocations


You had 9 spell levels left.
You didn't know any spells.
Your spell library was empty.

Dungeon Overview and Level Annotations

Branches:
Dungeon (9/15)             Temple (0/1) D:5            Lair (0/5) D:8
    Orc: D:9-12

Altars:
Ashenzari
Dithmenos
Kikubaaqudgha
Makhleb
Ru
Trog
Uskayaw
Vehumet
Wu Jian
Zin

Shops:
D:4 !(   D:7 [   D:9 :

Annotations:
D:4 2 transporters


Innate Abilities, Weirdness & Mutations

You have a pair of horns on your head.
You reflexively headbutt those who attack you in melee.


Message History

The centaur warrior zombie is almost destroyed.
The centaur warrior zombie hits you but does no damage.
The centaur warrior zombie barely misses you.
The centaur warrior zombie closely misses you.
The centaur warrior zombie kicks you but does no damage.
You hit the centaur warrior zombie.
Your headbutt misses the centaur warrior zombie.
The centaur warrior zombie is almost destroyed.
The centaur warrior zombie misses you. x2
Unknown command.
You barely miss the centaur warrior zombie.
The centaur warrior zombie is almost destroyed.
The centaur warrior zombie hits you.
The centaur warrior zombie kicks you but does no damage.
The centaur warrior zombie barely misses you.
You furiously retaliate!
You headbutt the centaur warrior zombie, but do no damage.
The centaur warrior zombie completely misses you.
You slash the centaur warrior zombie!
You destroy the centaur warrior zombie!
Makhleb accepts your kill.
You feel better. The harpy zombie claws you! The harpy zombie claws you.
The harpy zombie claws you but does no damage.
The harpy zombie barely misses you.
Your Invocations skill increases to level 9!
You slash the harpy zombie! You freeze the harpy zombie.
The harpy zombie is moderately damaged.
The harpy zombie claws you! The harpy zombie barely misses you.
You block the harpy zombie's attack. The harpy zombie claws you!
* * * LOW HITPOINT WARNING * * *
The harpy zombie barely misses you.
The harpy zombie claws you but does no damage.
You feel yourself speed up. The harpy zombie claws you.
* * * LOW HITPOINT WARNING * * *
The harpy zombie claws you.
* * * LOW HITPOINT WARNING * * *
The harpy zombie closely misses you. The harpy zombie claws you.
* * * LOW HITPOINT WARNING * * *
The harpy zombie barely misses you. The harpy zombie claws you!
You die...

#.# #.#
################.#
.................#
..........)......#
.......[.........#
################.#
# #.# # #@# # #Z#
# #.# #######.#
........#
...............
.....8...8...#.
###...P.8......
#.....8.P.P...


You could see a harpy zombie.

Vanquished Creatures
  Pikel (D:9)
  3 centaur zombies (D:9)
  A hellwing (D:9)
  A troll (D:8)
  Grinder (D:4)
  A wyvern (D:8)
  3 water moccasins
  2 orc warriors (D:8)
  A black bear (D:6)
  An ice beast (D:5)
  An ogre (D:6)
  3 wolves (D:8)
  A centaur (D:6)
  4 lemures (D:9)
  A kobold brigand (D:8)
  4 bullfrogs
  7 scorpions
  6 wights
  3 killer bees (D:9)
  2 howler monkeys
  4 electric eels (D:8)
  3 bombardier beetles
  9 hounds
  A gnoll bouda (D:6)
  2 orc priests
  2 jellies
  4 sleepcaps
  7 orc wizards
  4 iguanas
  8 gnolls
  8 adders
  4 shadow imps
  A white imp (D:6)
  3 ufetubi
  2 dart slugs
  6 ribbon worms
  15 orcs
  3 endoplasms
  5 giant cockroaches
  10 goblins
  5 hobgoblins
  6 jackals
  13 kobolds
  A quokka (D:1)
  5 ball pythons
  3 bats (D:1)
  3 rats
184 creatures vanquished.

Notes
Turn   | Place    | Note
-------+----------+-------------------------------------------
     0 | D:1      | hawla the Minotaur Fighter began the quest for the Orb.
     0 | D:1      | Reached XP level 1. HP: 19/19 MP: 0/0
    56 | D:1      | You fall into a shaft and drop 1 floor!
   117 | D:2      | Reached XP level 2. HP: 27/27 MP: 1/1
   530 | D:1      | Reached XP level 3. HP: 33/33 MP: 2/2
   779 | D:2      | Reached skill level 1 in Invocations
   875 | D:2      | Reached skill level 1 in Throwing
   875 | D:2      | Reached skill level 1 in Dodging
   881 | D:2      | Reached XP level 4. HP: 34/40 MP: 3/3
  1362 | D:3      | Reached skill level 1 in Evocations
  1596 | D:4      | Found Puumiuwi's Distillery.
  1718 | D:4      | Bought a potion of haste for 130 gold pieces
  1718 | D:4      | Bought a potion of heal wounds for 65 gold pieces
  1718 | D:4      | Bought a potion of curing for 39 gold pieces
  1751 | D:4      | Reached XP level 5. HP: 46/46 MP: 4/4
  1837 | D:4      | Noticed Grinder
  1866 | D:4      | Paralysed by Grinder for 3 turns
  1871 | D:4      | Killed Grinder
  1872 | D:4      | Reached skill level 5 in Shields
  1872 | D:4      | Reached XP level 6. HP: 21/52 MP: 5/5
  1990 | D:4      | Found a transporter.
  1990 | D:4      | Found Ewnicead's Weapon Emporium.
  2165 | D:4      | Found a radiant altar of Vehumet.
  2465 | D:4      | Found a glowing silver altar of Zin.
  2466 | D:4      | Found a shadowy altar of Dithmenos.
  2467 | D:4      | Found an ancient bone altar of Kikubaaqudgha.
  2467 | D:4      | Found a hide-covered altar of Uskayaw.
  2468 | D:4      | Found a sacrificial altar of Ru.
  2469 | D:4      | Found a burning altar of Makhleb.
  2469 | D:4      | Found a bloodstained altar of Trog.
  2470 | D:4      | Found a broken altar of Ashenzari.
  2477 | D:4      | Became a worshipper of Makhleb the Destroyer
  2497 | D:4      | Found a transporter.
  2633 | D:5      | Entered Level 5 of the Dungeon
  2645 | D:5      | Reached skill level 5 in Evocations
  2645 | D:5      | Reached XP level 7. HP: 59/59 MP: 6/6
  3121 | D:5      | Reached skill level 5 in Throwing
  3139 | D:5      | Reached XP level 8. HP: 57/66 MP: 7/7
  3453 | D:5      | Found a staircase to the Ecumenical Temple.
  3461 | D:5      | Identified the +2 flail "Meabutt" {heavy, rElec rPois
                  | Str+3}
  3869 | D:6      | Reached skill level 5 in Fighting
  4234 | D:6      | Reached * piety under Makhleb
  4297 | D:6      | Reached skill level 5 in Dodging
  4448 | D:6      | Reached XP level 9. HP: 79/79 MP: 8/8
  5207 | D:7      | Found Konopn's Antique Armour Shop.
  5911 | D:7      | Bought a pair of glowing boots for 187 gold pieces
  5943 | D:8      | Found an ornate altar of the Wu Jian Council.
  5948 | D:8      | Noticed a troll
  5969 | D:8      | Killed a troll
  6207 | D:8      | Found a staircase to the Lair.
  6381 | D:8      | Reached skill level 2 in Invocations
  6742 | D:8      | Reached skill level 3 in Invocations
  6750 | D:8      | Reached ** piety under Makhleb
  6768 | D:8      | Reached skill level 4 in Invocations
  7072 | D:8      | Reached skill level 5 in Invocations
  7401 | D:8      | Noticed a centaur warrior
  7811 | D:9      | Reached XP level 10. HP: 88/88 MP: 13/13
  7817 | D:9      | Reached skill level 6 in Invocations
  7883 | D:9      | Found Unlu's Book Boutique.
  7906 | D:9      | Noticed Pikel
  7925 | D:9      | Killed Pikel
  7926 | D:9      | Reached skill level 7 in Invocations
  8144 | D:9      | Reached skill level 8 in Invocations
  8159 | D:9      | Reached skill level 9 in Invocations
  8160 | D:9      | Slain by a harpy zombie

Illustrated notes

Levels and vault maps discovered:
D:1:      shiori_arrival_oz, layout_rooms
D:2:      layout_basic, minmay_misc_feat_nine_boxes, st_stairs_1, minmay_unequal
D:3:      layout_rooms
D:4:      layout_gridville, nicolae_vehumet_altar_sigil,
          grunt_temple_overflow_open, serial_shops, nicolae_shop_drivethru,
          shop, hex_tiny, uniq_grinder
D:5:      minmay_general_purpose_star, layout_loops_ring,
          minmay_temple_entry_poolview
D:6:      layout_loops_ring, dk_vineyard_2, kennysheep_opposing_triangles
D:7:      layout_layer_cave, serial_shops, shop, chequers_avenue
D:8:      layout_basic, mainiacjoe_overflow_six_doors_small, erik_lair_island,
          serial_rivers, chequers_serial_rivers_micro_c,
          chequers_serial_rivers_micro_b, chequers_serial_rivers_micro_d,
          chequers_serial_rivers_large_b, wad_dig_loot
D:9:      cheibrodos_grave_circle, layout_long_grid, serial_shops, shop,
          chequers_serial_rivers_small_b, kennysheep_generic_room_7, uniq_pikel

Skill      XL: |  1  2  3  4  5  6  7  8  9 10 |
---------------+-------------------------------+-----
Armour         | 4 |  4.1
Invocations    | 1 5 9 |  9.0
Throwing       | 1 5 6 |  6.0
Dodging        | 1 5 8 |  8.0
Fighting       | 4 7 8 |  8.0
Axes           | 3 |  3.1
Shields        | 4 5 |  5.0
Evocations     | 1 4 5 |  5.0

Action                     |  1- 3 |  4- 6 |  7- 9 | 10-12 || total
---------------------------+-------+-------+-------+-------++-------
  Melee: War axe           |    65 |    95 |   225 |    46 ||   431
         Headbutt          |     5 |    15 |    49 |    15 ||    84
         Flail             |       |       |    22 |    12 ||    34
  Throw: Dart              |       |       |     7 |       ||     7
 Invoke: Minor Destruction |       |       |       |     1 ||     1
  Evoke: Wand              |       |     4 |    13 |       ||    17
    Use: Scroll            |     4 |     6 |     9 |       ||    19
         Potion            |       |     1 |     3 |     3 ||     7
 Armour: Scale mail        |    54 |    11 |   258 |   154 ||   477
         Plate armour      |       |    75 |    79 |       ||   154
  Dodge: Dodged            |    37 |    26 |   194 |    97 ||   354
  Block: Buckler           |    19 |    25 |    73 |    35 ||   152
